General information
			
			
        
        - name: BNet
 
        - type: Ladder team game (AT/RT)
 
        - host: Battle.net
 
        - saver: sc2no_wc4yes
 
        
map: FullScaleAssault 
        - players: 8
 
        - length: 33:37
 
        - speed: Fast
 - version: 1.22 W3XP
 - replay type:  Public
 
» download(224 KB)
Players
        team 1 (winner) 
              
              
sc2no_wc4yes (
teal | 77 APM | 2590 actions | 33:37)
              
 10 Blood Mage 
 3 Flame Strike
 3 Siphon Mana
 1 Summon Phoenix
 3 Banish
 
                » actions 
                
                | Assign group hotkey | 127 |  | 
| Basic commands | 96 |  | 
| Build / train | 107 |  | 
| ESC pressed | 1 |  | 
| Enter build submenu | 37 |  | 
| Enter hero's abilities submenu | 11 |  | 
| Give item / drop item | 3 |  | 
| Right click | 737 |  | 
| Select / deselect | 385 |  | 
| Select group hotkey | 824 |  | 
| Use ability | 262 |  | 
                2590 total
 » units 
                
                | Peasant | 13 |  | 
| Footman | 7 |  | 
| Goblin Shredder | 2 |  | 
| Goblin Sapper | 1 |  | 
| Gryphon Rider | 8 |  | 
| Dragonhawk Rider | 12 |  | 
| Goblin Zeppelin | 2 |  | 
                45 total
 » upgrades
                
                | Masonry | 2 |  | 
| Swords | 4 |  | 
| Storm Hammers | 1 |  | 
| Armor | 3 |  | 
| Animal War Training | 1 |  | 
| Cloud | 1 |  | 
                12 total
 » buildings
                
                | Altar of Kings | 1 |  | 
| Farm | 12 |  | 
| Barracks | 1 |  | 
| Lumber Mill | 1 |  | 
| Town Hall | 2 |  | 
| Keep | 1 |  | 
| Scout Tower | 49 |  | 
| Guard Tower | 19 |  | 
| Arcane Tower | 2 |  | 
| Castle | 1 |  | 
| Blacksmith | 1 |  | 
| Gryphon Aviary | 4 |  | 
| Arcane Vault | 1 |  | 
                95 total
 » build order
                00:11 Altar of Kings
00:14 Farm
01:06 Farm
01:35 Farm
01:49 Barracks
02:26 Farm
02:48 Lumber Mill
03:25 Town Hall
04:44 Keep
05:06 Scout Tower
05:08 Scout Tower
05:09 Scout Tower
05:53 Scout Tower
05:54 Scout Tower
05:55 Scout Tower
05:58 Scout Tower
05:59 Scout Tower
06:10 Guard Tower
06:50 Guard Tower
06:53 Arcane Tower
07:03 Arcane Tower
07:07 Castle
07:09 Blacksmith
07:12 Gryphon Aviary
07:12 Gryphon Aviary
08:37 Gryphon Aviary
08:40 Gryphon Aviary
08:45 Farm
08:54 Farm
08:55 Farm
09:00 Guard Tower
09:58 Farm
09:58 Farm
10:01 Farm
10:05 Farm
10:26 Scout Tower
10:32 Scout Tower
10:32 Scout Tower
11:23 Guard Tower
11:47 Arcane Vault
14:22 Farm
14:25 Guard Tower
26:14 Town Hall
26:16 Scout Tower
26:16 Scout Tower
26:16 Scout Tower
26:17 Scout Tower
26:17 Scout Tower
26:18 Scout Tower
26:18 Scout Tower
26:18 Scout Tower
26:51 Guard Tower
26:55 Scout Tower
26:56 Scout Tower
27:50 Guard Tower
29:23 Guard Tower
29:26 Scout Tower
29:26 Scout Tower
29:26 Scout Tower
29:26 Scout Tower
29:27 Scout Tower
29:27 Scout Tower
29:27 Scout Tower
29:27 Scout Tower
29:44 Guard Tower
30:04 Guard Tower
30:05 Scout Tower
30:06 Scout Tower
30:06 Scout Tower
30:07 Scout Tower
30:07 Scout Tower
30:08 Scout Tower
30:50 Guard Tower
30:53 Scout Tower
30:54 Scout Tower
30:54 Scout Tower
30:55 Scout Tower
31:09 Scout Tower
31:09 Scout Tower
31:10 Scout Tower
31:10 Scout Tower
31:11 Scout Tower
31:11 Scout Tower
31:45 Guard Tower
32:53 Guard Tower
32:54 Guard Tower
32:54 Guard Tower
33:22 Guard Tower
33:31 Guard Tower
» items
                
                | Scroll of Town Portal | 4 |  | 
| Staff of Sanctuary | 1 |  | 
| Potion of Healing | 2 |  | 
| Lesser Clarity Potion | 1 |  | 
| Potion of Mana | 1 |  | 
| Rod of Necromancy | 1 |  | 
| Scroll of Regeneration | 3 |  | 
| Potion of Lesser Invulnerability | 1 |  | 
                14 total
  
               
              
              
» 
klm_shark (
orange | 44 APM | 1493 actions | 33:35)
              
 4 Blood Mage 
 2 Flame Strike
 1 Siphon Mana
 1 Banish
 6 Mountain King 
 2 Storm Bolt
 2 Bash
 1 Thunder Clap
 1 Avatar
 8 Paladin 
 2 Holy Light
 3 Devotion Aura
 2 Divine Shield
 1 Resurrection
 
                » actions 
                
                | Assign group hotkey | 33 |  | 
| Basic commands | 38 |  | 
| Build / train | 64 |  | 
| Enter build submenu | 18 |  | 
| Enter hero's abilities submenu | 18 |  | 
| Remove unit from queue | 2 |  | 
| Right click | 455 |  | 
| Select / deselect | 226 |  | 
| Select group hotkey | 568 |  | 
| Use ability | 71 |  | 
                1493 total
 » units 
                
                | Peasant | 11 |  | 
| Siege Engine | 7 |  | 
| Mortar Team | 6 |  | 
| Goblin Zeppelin | 1 |  | 
                25 total
 » upgrades
                
                | Gunpowder | 3 |  | 
| Armor | 4 |  | 
| Lumber Harvesting | 2 |  | 
| Barrage | 1 |  | 
| Fragmentation Shards | 1 |  | 
                11 total
 » buildings
                
                | Altar of Kings | 1 |  | 
| Farm | 13 |  | 
| Keep | 1 |  | 
| Lumber Mill | 2 |  | 
| Blacksmith | 1 |  | 
| Castle | 1 |  | 
| Workshop | 3 |  | 
| Town Hall | 1 |  | 
| Scout Tower | 1 |  | 
| Guard Tower | 1 |  | 
                25 total
 » build order
                00:10 Altar of Kings
00:19 Farm
02:09 Keep
02:50 Lumber Mill
03:06 Blacksmith
03:41 Farm
04:32 Farm
04:42 Castle
06:05 Workshop
06:09 Workshop
06:14 Workshop
07:50 Farm
07:50 Farm
07:51 Farm
07:51 Farm
11:53 Farm
11:55 Farm
11:57 Farm
11:58 Farm
12:00 Farm
12:01 Farm
31:05 Lumber Mill
32:49 Town Hall
32:55 Scout Tower
33:22 Guard Tower
» items
                 
               
              
              
» 
NJSmooth (
purple | 26 APM | 878 actions | 33:35)
              
 5 Death Knight 
 1 Death Coil
 3 Death Pact
 1 Unholy Aura
 1 Lich 
 1 Frost Armor
 
                » actions 
                
                | Assign group hotkey | 25 |  | 
| Basic commands | 14 |  | 
| Build / train | 66 |  | 
| Enter build submenu | 24 |  | 
| Enter hero's abilities submenu | 6 |  | 
| Right click | 193 |  | 
| Select / deselect | 192 |  | 
| Select group hotkey | 300 |  | 
| Use ability | 58 |  | 
                878 total
 » units 
                
                | Acolyte | 10 |  | 
| Ghoul | 8 |  | 
| Crypt Fiend | 6 |  | 
| Obsidian Statue | 8 |  | 
| Frost Wyrm | 7 |  | 
| Gargoyle | 2 |  | 
                41 total
 » upgrades
                
                | Creature Attack | 3 |  | 
| Creature Carapace | 2 |  | 
| Web | 1 |  | 
| Destroyer Form | 1 |  | 
| Freezing Breath | 1 |  | 
                8 total
 » buildings
                
                | Altar of Darkness | 1 |  | 
| Ziggurat | 10 |  | 
| Crypt | 1 |  | 
| Graveyard | 1 |  | 
| Nerubian Tower | 1 |  | 
| Tomb of Relics | 2 |  | 
| Spirit Tower | 3 |  | 
| Halls of the Dead | 1 |  | 
| Black Citadel | 1 |  | 
| Slaughterhouse | 1 |  | 
| Sacrificial Pit | 1 |  | 
| Boneyard | 2 |  | 
| Necropolis | 2 |  | 
                27 total
 » build order
                00:13 Altar of Darkness
00:18 Ziggurat
00:39 Crypt
01:02 Graveyard
01:13 Nerubian Tower
01:34 Tomb of Relics
01:54 Tomb of Relics
02:10 Ziggurat
03:44 Spirit Tower
03:49 Ziggurat
04:42 Halls of the Dead
06:32 Ziggurat
07:09 Black Citadel
07:41 Slaughterhouse
07:58 Ziggurat
08:41 Sacrificial Pit
10:57 Boneyard
11:11 Boneyard
11:29 Ziggurat
12:32 Ziggurat
15:55 Ziggurat
16:07 Ziggurat
17:51 Spirit Tower
17:53 Spirit Tower
22:31 Necropolis
28:01 Ziggurat
28:53 Necropolis
» items
                
                | Sacrificial Skull | 1 |  | 
| Scroll of Town Portal | 1 |  | 
| Potion of Lesser Invulnerability | 1 |  | 
                3 total
  
               
              
              
VictorCorsetti (
pink | 34 APM | 1129 actions | 33:35)
              
 6 Tauren Chieftain 
 1 War Stomp
 3 Endurance Aura
 1 Shockwave
 1 Reincarnation
 
                » actions 
                
                | Assign group hotkey | 36 |  | 
| Basic commands | 1 |  | 
| Build / train | 92 |  | 
| Enter build submenu | 16 |  | 
| Enter hero's abilities submenu | 7 |  | 
| Remove unit from queue | 3 |  | 
| Right click | 375 |  | 
| Select / deselect | 344 |  | 
| Select group hotkey | 213 |  | 
| Use ability | 42 |  | 
                1129 total
 » units 
                » upgrades
                
                | Melee Weapons | 3 |  | 
| Armor | 3 |  | 
| Shaman Training | 2 |  | 
| Spiked Barricades | 3 |  | 
| Pulverize | 1 |  | 
| Reinforced Defenses | 1 |  | 
                13 total
 » buildings
                
                | Orc Burrow | 8 |  | 
| Altar of Storms | 1 |  | 
| War Mill | 1 |  | 
| Stronghold | 1 |  | 
| Voodoo Lounge | 1 |  | 
| Spirit Lodge | 1 |  | 
| Fortress | 1 |  | 
| Great Hall | 2 |  | 
| Tauren Totem | 2 |  | 
                18 total
 » build order
                00:05 Orc Burrow
00:07 Altar of Storms
02:08 War Mill
02:11 Stronghold
04:16 Voodoo Lounge
05:10 Spirit Lodge
05:17 Orc Burrow
06:14 Orc Burrow
06:46 Fortress
07:11 Orc Burrow
08:19 Great Hall
08:46 Orc Burrow
09:25 Tauren Totem
09:51 Tauren Totem
09:58 Orc Burrow
11:08 Orc Burrow
12:04 Orc Burrow
19:50 Great Hall
» items
                
                | Healing Salve | 2 |  | 
| Orb of Lightning | 1 |  | 
                3 total
  
               team 2 (loser) 
              
              
» 
xscroll (
red | 56 APM | 1815 actions | 32:36)
              
 6 Paladin 
 3 Holy Light
 2 Divine Shield
 1 Resurrection
 5 Mountain King 
 3 Storm Bolt
 2 Bash
 
                » actions 
                
                | Basic commands | 41 |  | 
| Build / train | 106 |  | 
| Enter build submenu | 27 |  | 
| Enter hero's abilities submenu | 11 |  | 
| Give item / drop item | 6 |  | 
| Right click | 1228 |  | 
| Select / deselect | 330 |  | 
| Use ability | 66 |  | 
                1815 total
 » units 
                
                | Peasant | 29 |  | 
| Footman | 6 |  | 
| Gryphon Rider | 38 |  | 
| Blue Drake | 1 |  | 
| Dragonhawk Rider | 3 |  | 
                77 total
 » upgrades
                
                | Swords | 3 |  | 
| Storm Hammers | 1 |  | 
| Armor | 3 |  | 
| Cloud | 1 |  | 
                8 total
 » buildings
                
                | Altar of Kings | 1 |  | 
| Farm | 13 |  | 
| Barracks | 1 |  | 
| Lumber Mill | 1 |  | 
| Keep | 1 |  | 
| Arcane Vault | 1 |  | 
| Town Hall | 3 |  | 
| Castle | 1 |  | 
| Blacksmith | 1 |  | 
| Gryphon Aviary | 3 |  | 
                26 total
 » build order
                00:10 Altar of Kings
00:17 Farm
00:52 Barracks
01:06 Farm
01:19 Lumber Mill
01:48 Farm
02:29 Farm
03:47 Farm
04:02 Keep
04:31 Farm
05:04 Arcane Vault
05:47 Town Hall
06:24 Farm
07:00 Castle
07:13 Farm
07:56 Blacksmith
08:46 Gryphon Aviary
08:52 Gryphon Aviary
08:59 Gryphon Aviary
09:13 Farm
10:04 Farm
11:00 Farm
11:55 Farm
15:49 Farm
28:24 Town Hall
31:00 Town Hall
» items
                
                | Scroll of Regeneration | 2 |  | 
| Scroll of Town Portal | 4 |  | 
                6 total
  
               
              
              
» 
lagoon_mib (
yellow | 50 APM | 1638 actions | 32:40)
              
 7 Demon Hunter 
 3 Immolation
 3 Evasion
 1 Metamorphosis
 5 Priestess of the Moon 
 3 Trueshot Aura
 2 Searing Arrows
 
                » actions 
                
                | Assign group hotkey | 53 |  | 
| Basic commands | 19 |  | 
| Build / train | 130 |  | 
| Enter build submenu | 24 |  | 
| Enter hero's abilities submenu | 12 |  | 
| Give item / drop item | 8 |  | 
| Remove unit from queue | 3 |  | 
| Right click | 477 |  | 
| Select / deselect | 312 |  | 
| Select group hotkey | 502 |  | 
| Use ability | 98 |  | 
                1638 total
 » units 
                
                | Wisp | 27 |  | 
| Archer | 7 |  | 
| Dryad | 4 |  | 
| Hippogryph | 19 |  | 
| Chimaera | 7 |  | 
| Blue Dragon | 5 |  | 
| Druid of the Talon | 4 |  | 
| Druid of the Claw | 1 |  | 
| Blue Dragon Whelp | 2 |  | 
| Blue Drake | 1 |  | 
                77 total
 » upgrades
                
                | Improved Bows | 1 |  | 
| Strength of the Wild | 2 |  | 
| Druid of the Talon Training | 2 |  | 
| Abolish Magic | 1 |  | 
| Hippogryph Taming | 1 |  | 
| Strength of the Moon | 3 |  | 
| Moon Armor | 1 |  | 
| Reinforced Hides | 3 |  | 
| Mark of the Talon | 1 |  | 
| Druid of the Claw Training | 2 |  | 
| Corrosive Breath | 1 |  | 
                18 total
 » buildings
                
                | Altar of Elders | 1 |  | 
| Moon Well | 18 |  | 
| Ancient of War | 1 |  | 
| Tree of Ages | 3 |  | 
| Tree of Life | 2 |  | 
| Hunter's Hall | 1 |  | 
| Ancient of Wonders | 1 |  | 
| Tree of Eternity | 1 |  | 
| Ancient of Wind | 1 |  | 
| Ancient of Lore | 1 |  | 
| Chimaera Roost | 1 |  | 
                31 total
 » build order
                00:07 Altar of Elders
00:21 Moon Well
01:03 Ancient of War
01:26 Moon Well
01:50 Moon Well
03:13 Tree of Ages
03:14 Tree of Ages
03:14 Tree of Ages
04:16 Tree of Life
04:54 Hunter's Hall
05:00 Ancient of Wonders
05:59 Tree of Eternity
06:24 Ancient of Wind
06:34 Ancient of Lore
07:36 Moon Well
09:07 Tree of Life
09:51 Chimaera Roost
11:52 Moon Well
11:53 Moon Well
11:58 Moon Well
12:00 Moon Well
14:22 Moon Well
14:23 Moon Well
28:57 Moon Well
28:58 Moon Well
29:00 Moon Well
29:01 Moon Well
29:01 Moon Well
29:57 Moon Well
30:00 Moon Well
31:01 Moon Well
» items
                
                | Scroll of Town Portal | 6 |  | 
| Lesser Clarity Potion | 1 |  | 
| Potion of Lesser Invulnerability | 3 |  | 
| Scroll of Healing | 1 |  | 
| Scroll of Protection | 1 |  | 
                12 total
  
               
              
              
» 
Re]chickenfeat (
green | 37 APM | 1227 actions | 33:35)
              
 7 Blademaster 
 3 Wind Walk
 3 Critical Strike
 1 Bladestorm
 
                » actions 
                
                | Assign group hotkey | 11 |  | 
| Basic commands | 25 |  | 
| Build / train | 82 |  | 
| Enter build submenu | 20 |  | 
| Enter hero's abilities submenu | 7 |  | 
| Give item / drop item | 2 |  | 
| Remove unit from queue | 1 |  | 
| Right click | 354 |  | 
| Select / deselect | 489 |  | 
| Select group hotkey | 141 |  | 
| Use ability | 93 |  | 
                1227 total
 » units 
                
                | Peon | 26 |  | 
| Grunt | 5 |  | 
| Shaman | 9 |  | 
| Tauren | 11 |  | 
                51 total
 » upgrades
                
                | Armor | 3 |  | 
| Melee Weapons | 3 |  | 
| Shaman Training | 2 |  | 
| Pulverize | 1 |  | 
                9 total
 » buildings
                
                | Altar of Storms | 2 |  | 
| Orc Burrow | 12 |  | 
| Barracks | 1 |  | 
| Voodoo Lounge | 1 |  | 
| War Mill | 1 |  | 
| Stronghold | 1 |  | 
| Fortress | 1 |  | 
| Spirit Lodge | 1 |  | 
| Tauren Totem | 2 |  | 
                22 total
 » build order
                00:06 Altar of Storms
00:11 Orc Burrow
00:50 Barracks
01:24 Voodoo Lounge
01:51 Orc Burrow
02:42 War Mill
04:30 Stronghold
04:46 Orc Burrow
07:10 Fortress
07:13 Spirit Lodge
08:35 Orc Burrow
09:33 Orc Burrow
10:17 Tauren Totem
10:18 Tauren Totem
14:08 Orc Burrow
18:19 Orc Burrow
18:21 Orc Burrow
18:23 Orc Burrow
18:29 Orc Burrow
18:33 Orc Burrow
20:53 Orc Burrow
27:20 Altar of Storms
» items
                
                | Healing Salve | 2 |  | 
| Lesser Clarity Potion | 3 |  | 
| Orb of Lightning | 1 |  | 
| Tiny Great Hall | 1 |  | 
| Scroll of Town Portal | 1 |  | 
| Scroll of Regeneration | 2 |  | 
| Potion of Healing | 1 |  | 
                11 total
  
               
              
              
MicroNoob. (
blue | 73 APM | 2382 actions | 32:33)
              
 6 Archmage 
 2 Summon Water Elemental
 1 Brilliance Aura
 2 Blizzard
 1 Mass Teleport
 5 Mountain King 
 3 Storm Bolt
 2 Thunder Clap
 
                » actions 
                
                | Assign group hotkey | 44 |  | 
| Basic commands | 3 |  | 
| Build / train | 100 |  | 
| Enter build submenu | 24 |  | 
| Enter hero's abilities submenu | 11 |  | 
| Right click | 915 |  | 
| Select / deselect | 554 |  | 
| Select group hotkey | 623 |  | 
| Use ability | 108 |  | 
                2382 total
 » units 
                
                | Peasant | 28 |  | 
| Footman | 13 |  | 
| Knight | 8 |  | 
| Priest | 11 |  | 
| Sorceress | 2 |  | 
                62 total
 » upgrades
                
                | Lumber Harvesting | 2 |  | 
| Priest Training | 2 |  | 
| Swords | 3 |  | 
| Plating | 3 |  | 
| Animal War Training | 1 |  | 
| Sorceress Training | 1 |  | 
                12 total
 » buildings
                
                | Altar of Kings | 1 |  | 
| Barracks | 2 |  | 
| Farm | 13 |  | 
| Town Hall | 1 |  | 
| Arcane Vault | 1 |  | 
| Lumber Mill | 1 |  | 
| Keep | 1 |  | 
| Castle | 1 |  | 
| Arcane Sanctum | 2 |  | 
| Blacksmith | 1 |  | 
| Scout Tower | 1 |  | 
| Arcane Tower | 1 |  | 
                26 total
 » build order
                00:10 Altar of Kings
00:20 Barracks
00:23 Farm
00:38 Farm
01:38 Farm
04:15 Town Hall
04:28 Arcane Vault
04:39 Lumber Mill
04:59 Farm
06:03 Keep
06:37 Farm
06:38 Farm
08:39 Castle
08:43 Barracks
08:47 Arcane Sanctum
08:51 Farm
08:52 Farm
09:08 Blacksmith
09:24 Scout Tower
09:47 Farm
09:57 Arcane Tower
10:43 Arcane Sanctum
11:52 Farm
13:41 Farm
18:13 Farm
18:17 Farm
» items
                
                | Scroll of Regeneration | 2 |  | 
| Scroll of Healing | 1 |  | 
| Scroll of Protection | 2 |  | 
| Staff of Sanctuary | 1 |  | 
| Scroll of Town Portal | 2 |  | 
| Potion of Healing | 2 |  | 
                10 total
  
                Chat log
          (00:12 / Allies) VictorCorsetti: hey
(00:14 / Allies) VictorCorsetti: cc sure?
(00:19 / Allies) VictorCorsetti: taurens
(00:21 / Allies) sc2no_wc4yes: gryphon then
(00:32 / Allies) NJSmooth: spders stats dsttryr
(00:33 / Allies) VictorCorsetti: and shamans
(00:37 / Allies) klm_shark: guys we rush at the begin
(00:38 / Allies) klm_shark: ok?
(00:40 / Allies) sc2no_wc4yes: not ok
(00:44 / Allies) klm_shark: coze i will not make units
(00:46 / Allies) klm_shark: till tanks
(00:46 / Allies) NJSmooth: kinda big map
(00:48 / Allies) klm_shark: just tanks
(00:54 / Allies) sc2no_wc4yes: why would we rush 3v4 then
(01:01 / Allies) klm_shark: no im coming
(01:03 / Allies) klm_shark: with hero
(01:07 / Allies) klm_shark: coze if we don t atak
(01:10 / Allies) klm_shark: them they will
(01:12 / Allies) VictorCorsetti: i prefere no rush
(01:21 / Allies) NJSmooth: wteva u guys want
(01:21 / Allies) klm_shark: ok 
(01:22 / Allies) sc2no_wc4yes: *disables chat*
(01:24 / Allies) sc2no_wc4yes: going gryphs
(01:57 / Allies) NJSmooth: rush or no?
(02:00 / Allies) VictorCorsetti: noo
(02:01 / Allies) sc2no_wc4yes: no
(02:03 / Allies) sc2no_wc4yes: clear expos
(02:03 / Allies) NJSmooth: k
(02:07 / Allies) sc2no_wc4yes: but dont suicide tech
(02:10 / Allies) sc2no_wc4yes: cuz those other turds
(02:11 / Allies) sc2no_wc4yes: coudl rush
(02:25 / Allies) NJSmooth: np
(02:40 / Allies) sc2no_wc4yes: miltita expoign now
(04:58 / Allies) klm_shark: wood plz
(06:46 / Allies) sc2no_wc4yes: dont follow mode it can cause problems 
(07:05 / Allies) VictorCorsetti: u will get this mine purple?
(07:31 / Allies) klm_shark: alone plz
(07:57 / All) VictorCorsetti: good mirror green :)
(08:02 / All) Re]chickenfeat: :D
(08:33 / All) lagoon_mib: nice
(08:37 / Allies) klm_shark: wood?
(08:52 / Allies) klm_shark: ALONE
(08:54 / Allies) klm_shark: OMG
(08:59 / Allies) NJSmooth: my bsf
(09:02 / Allies) NJSmooth: bad
(09:10 / Allies) sc2no_wc4yes: they seemed to have a bit of t1
(09:12 / Allies) sc2no_wc4yes: be wary of rush
(09:14 / Allies) sc2no_wc4yes: that is
(09:17 / Allies) sc2no_wc4yes: PUMP UNITS now
(09:26 / Allies) klm_shark: when i atak
(09:31 / Allies) klm_shark: with tanks kill
(09:32 / Allies) klm_shark: peon ok?
(09:41 / Allies) NJSmooth: k
(10:16 / Allies) NJSmooth: b
(10:22 / Allies) sc2no_wc4yes: b
(10:52 / Allies) sc2no_wc4yes: im pumping t3
(10:54 / Allies) sc2no_wc4yes: how u guys doing
(10:58 / Allies) sc2no_wc4yes: in terms of redainess
(11:00 / Allies) NJSmooth: same
(11:04 / Allies) sc2no_wc4yes: someone expo
(11:08 / Allies) klm_shark: me
(11:53 / Allies) sc2no_wc4yes: time to fight
(11:56 / Allies) sc2no_wc4yes: hope you all have 80 food
(11:58 / Allies) sc2no_wc4yes: of tier 3
(12:55 / Allies) sc2no_wc4yes: wow 4 fiends
(12:57 / Allies) sc2no_wc4yes: and 3 heros
(13:02 / Allies) sc2no_wc4yes: afk till u guys are 100 food
(13:28 / Allies) sc2no_wc4yes: wanna bring those to the front line?
(13:32 / Allies) sc2no_wc4yes: or are you gonna get mass teleport
(13:33 / Allies) klm_shark: k
(13:34 / Allies) sc2no_wc4yes: before our first battle
(14:02 / Allies) VictorCorsetti: lumber plz
(14:13 / Allies) VictorCorsetti: ty
(14:38 / Allies) sc2no_wc4yes: tanks are the heart of our army now
(14:41 / Allies) sc2no_wc4yes: we need to meet up with them
(14:44 / Allies) sc2no_wc4yes: and follow them in to attack
(14:45 / Allies) klm_shark: k
(14:51 / Allies) sc2no_wc4yes: who called that expo?
(14:53 / Allies) klm_shark: now
(14:54 / Allies) sc2no_wc4yes: whoever did youre a turd
(15:00 / Allies) NJSmooth: no 1 did
(15:08 / Allies) sc2no_wc4yes: all meet
(15:10 / Allies) sc2no_wc4yes: DO NOT WEB
(15:11 / Allies) sc2no_wc4yes: OK?
(15:14 / Allies) sc2no_wc4yes: TURN AUTOWEB OFF
(15:15 / Allies) NJSmooth: ok
(15:16 / Allies) sc2no_wc4yes: OR TANKS ARE SHIT
(15:20 / Allies) NJSmooth: off
(15:26 / Allies) sc2no_wc4yes: all go
(15:44 / All) Re]chickenfeat: hello
(15:47 / Allies) sc2no_wc4yes: get with the program
(15:53 / Allies) sc2no_wc4yes: wait up
(15:55 / Allies) sc2no_wc4yes: we need to be togehter
(15:59 / Allies) sc2no_wc4yes: close together
(16:15 / Allies) sc2no_wc4yes: hit alt P and turn OFF unit formation
(16:22 / Allies) sc2no_wc4yes: ignore
(16:24 / Allies) sc2no_wc4yes: go straigh tto town
(16:26 / Allies) sc2no_wc4yes: IG
(16:27 / Allies) sc2no_wc4yes: NORE
(16:28 / Allies) sc2no_wc4yes: IG
(16:28 / Allies) sc2no_wc4yes: NORE
(16:32 / Allies) sc2no_wc4yes: GO TO TOWN
(16:32 / Allies) sc2no_wc4yes: GO
(16:40 / All) lagoon_mib: nice
(16:46 / Allies) sc2no_wc4yes: tanks
(16:47 / Allies) sc2no_wc4yes: go into town
(16:48 / Allies) sc2no_wc4yes: tanks
(16:49 / Allies) sc2no_wc4yes: stay with us
(16:50 / Allies) sc2no_wc4yes: go in town
(16:51 / All) lagoon_mib: noobs
(17:05 / Allies) sc2no_wc4yes: tanks go in
(17:09 / Allies) sc2no_wc4yes: kleave a few tanks at back
(17:10 / Allies) sc2no_wc4yes: liek 5
(17:30 / Allies) VictorCorsetti: atack air
(17:32 / Allies) VictorCorsetti: with tanks
(17:34 / Allies) VictorCorsetti: go
(17:45 / Allies) sc2no_wc4yes: tanks attack mvoe
(18:06 / Allies) sc2no_wc4yes: zzz
(18:07 / Allies) klm_shark: wtf
(18:07 / Allies) sc2no_wc4yes: out
(18:10 / Allies) sc2no_wc4yes: change to gyros
(18:10 / Allies) sc2no_wc4yes: now
(18:14 / Allies) sc2no_wc4yes: you cant handle tanks
(18:19 / Allies) sc2no_wc4yes: change to gyros and flak
(18:19 / Allies) sc2no_wc4yes: now
(18:54 / Allies) sc2no_wc4yes: brace for coutner
(18:55 / Allies) sc2no_wc4yes: pump gyros
(18:57 / Allies) sc2no_wc4yes: other guys
(18:59 / Allies) sc2no_wc4yes: get anti tauren
(19:01 / Allies) sc2no_wc4yes: and anti dryad
(19:04 / Allies) sc2no_wc4yes: we had no fucking anti ground
(19:09 / Allies) sc2no_wc4yes: meet
(19:10 / Allies) sc2no_wc4yes: there
(19:11 / Allies) sc2no_wc4yes: let expos die
(19:14 / Allies) sc2no_wc4yes: meet in base
(19:43 / Allies) sc2no_wc4yes: fucking
(19:43 / Allies) sc2no_wc4yes: gyros
(19:44 / Allies) klm_shark: !!!
(19:46 / Allies) sc2no_wc4yes: get gyros so he cant jus tdodge you
(19:53 / Allies) klm_shark: k
(20:07 / Allies) klm_shark: mortars
(20:10 / Allies) klm_shark: better
(20:13 / Allies) sc2no_wc4yes: ALL TP
(20:14 / Allies) sc2no_wc4yes: DO NOT WALK
(20:14 / Allies) sc2no_wc4yes: TOP
(20:15 / Allies) klm_shark: to kill dryads
(20:16 / Allies) sc2no_wc4yes: DO NOT WALK
(20:16 / Allies) sc2no_wc4yes: TP
(20:18 / Allies) sc2no_wc4yes: DO NOT WALK
(20:18 / Allies) sc2no_wc4yes: TP
(20:20 / Allies) sc2no_wc4yes: DO NOT WLAK
(20:24 / Allies) sc2no_wc4yes: YOU FAIL
(21:53 / Allies) VictorCorsetti: counter?
(22:00 / Allies) klm_shark: kill
(22:20 / Allies) sc2no_wc4yes: REBUILD
(22:21 / Allies) sc2no_wc4yes: AND EXPO
(22:31 / Allies) klm_shark: all now
(22:35 / Allies) sc2no_wc4yes: no more massa attack
(22:37 / Allies) sc2no_wc4yes: split up
(22:39 / Allies) sc2no_wc4yes: only mass for defense
(22:48 / Allies) sc2no_wc4yes: we are getting owned
(22:52 / Allies) sc2no_wc4yes: because tanks stadn far from tauren
(23:05 / Allies) sc2no_wc4yes: gogo
(23:08 / Allies) sc2no_wc4yes: get new tp
(23:09 / Allies) sc2no_wc4yes: if u have none
(23:55 / Allies) klm_shark: torent
(23:56 / Allies) klm_shark: first
(24:09 / Allies) klm_shark: go go go go
(24:22 / Allies) sc2no_wc4yes: make sure you have a tp
(24:24 / Allies) sc2no_wc4yes: if you dont
(24:26 / Allies) sc2no_wc4yes: cut your balls off
(24:41 / Allies) sc2no_wc4yes: all have tp?
(24:45 / Allies) sc2no_wc4yes: tp when they hit top expo
(24:55 / Allies) sc2no_wc4yes: nvm ig ot it
(25:18 / Allies) klm_shark: what happend
(26:18 / Allies) VictorCorsetti: where we atack now?
(26:22 / Allies) sc2no_wc4yes: at the enemies base
(26:27 / Allies) sc2no_wc4yes: tp any ight you get into where u are weaker
(26:29 / Allies) VictorCorsetti: ¬¬
(26:34 / Allies) sc2no_wc4yes: if they have stronger force
(26:34 / Allies) sc2no_wc4yes: run
(26:36 / Allies) sc2no_wc4yes: dont tome them
(27:10 / All) Re]chickenfeat: cheap phoenix should have a spawn time
(27:36 / Allies) sc2no_wc4yes: dont
(27:38 / Allies) sc2no_wc4yes: follow mode me
(27:41 / Allies) sc2no_wc4yes: or ill afk
(27:52 / Allies) sc2no_wc4yes: gold plz
(28:09 / Allies) sc2no_wc4yes: GOLLLLD anyone rich?
(28:14 / Allies) VictorCorsetti: no
(29:53 / Allies) sc2no_wc4yes: kill the main
(29:55 / Allies) sc2no_wc4yes: so air doesnt tome you
(29:59 / Allies) sc2no_wc4yes: with a glorious tp
(32:21 / Allies) sc2no_wc4yes: im out
(32:25 / Allies) klm_shark: no
(32:31 / All) lagoon_mib: gg
(32:40 / All) sc2no_wc4yes: gg
(32:42 / All) VictorCorsetti: gg
(32:45 / All) sc2no_wc4yes: not over yet...
(32:48 / All) sc2no_wc4yes: but gg to leavers :)
(32:55 / All) Re]chickenfeat: teal u gotta admit ur phoenix is rigged right now...
(33:02 / All) sc2no_wc4yes: ??
(33:10 / All) Re]chickenfeat: it shouldn't spawn right after it falls...
(33:16 / All) sc2no_wc4yes: ????????????????????????????
(33:20 / All) Re]chickenfeat: it normally takes 5 or 6 secodns for it to come back
(33:27 / All) sc2no_wc4yes: ?????????????????????????????????????????????????????????????????????????????????????????????
(33:34 / All) Re]chickenfeat: yea yea deushbag